Map: Ice and Chrome LE

Players

uwuThermal (uThermal)

  • Race: Terran Terran
  • League: Grandmaster
  • Spawn Location: 1:00

MarineLorD - Winner!

  • Race: Terran Terran
  • League: Master
  • Spawn Location: 7:00

Event: DreamHack SC2 Masters 2020 Fall

VOD

Have the link to the VOD?

Description

Time

  • Played on: Aug. 29, 2020, 11:26 a.m.
  • Length: 13:21

All games in this series

Show
View Real Time Build Order
Export as new Build Order

uwuThermal Terran 

Build Orders:  

Get SALT Encoding   

  12  0:00  SCV  
  13  0:12  SCV  
  14  0:17  Supply Depot  
  14  0:24  SCV  
  14  0:27  Refinery  
  15  0:38  SCV  
  16  0:44  Barracks  
  16  0:50  SCV  
  16  0:53  Refinery  
  17  1:02  SCV  
  18  1:14  SCV  
  19  1:32  Reaper  
  20  1:33  Orbital Command  
  20  1:34  Factory  
  20  1:43  Supply Depot  
  20  1:58  SCV  
  21  2:04  Reaper  
  22  2:10  SCV  
  23  2:18  Hellion  
  23  2:22  SCV  
  26  2:26  Command Center  
  26  2:34  SCV  
  26  2:36  Starport  
  27  2:38  Barracks Reactor  
  27  2:42  Factory Tech Lab  
  27  2:47  SCV  
  27  2:50  Supply Depot  
  27  2:59  SCV  
  27  3:03  Cyclone  
  31  3:11  SCV  
  32  3:16  Marine x2  
  34  3:24  SCV  
  34  3:25  Starport Tech Lab  
  35  3:33  Marine  
  35  3:34  Marine  
  36  3:36  SCV  
  36  3:39  Orbital Command  
  37  3:45  Raven  
  37  3:48  SCV  
  40  3:51  Marine x2  
  42  4:00  SCV  
  43  4:04  SCV  
  43  4:09  Siege Tank  
  47  4:12  SCV  
  47  4:17  Command Center  
  48  4:18  SCV  
  48  4:20  Marine x2  
  51  4:24  SCV  
  51  4:27  Supply Depot  
  51  4:30  SCV  
  53  4:36  SCV  
  54  4:39  Starport Reactor  
  53  4:47  Siege Tank  
  53  4:49  SCV  
  53  4:51  SCV  
  53  4:52  Barracks x2  
  56  4:55  Marine  
  56  4:59  Stimpack  
  57  5:01  SCV  
  57  5:05  Engineering Bay  
  57  5:06  Engineering Bay  
  57  5:07  SCV  
  59  5:10  Supply Depot  
  59  5:13  SCV, Marine  
  61  5:19  SCV  
  62  5:22  Refinery  
  62  5:23  Refinery  
  62  5:28  SCV  
  62  5:30  Starport Reactor  
  62  5:31  Orbital Command, Marine  
  62  5:33  Siege Tank  
  62  5:35  SCV  
  68  5:40  Marine x2  
  68  5:42  SCV  
  71  5:45  Supply Depot  
  71  5:48  Supply Depot, Marine x2  
  73  5:51  SCV  
  73  5:54  SCV  
  73  5:55  Marine  
  76  5:57  Marine  
  76  6:03  SCV  
  78  6:05  Orbital Command, Siege Tank  
  78  6:06  SCV  
  78  6:07  Marine x2  
  81  6:11  Medivac  
  81  6:14  Marine  
  81  6:15  SCV, Marine  
  87  6:22  Medivac  
  87  6:25  Marine  
  90  6:28  Marine x2  
  90  6:31  SCV x2, Barracks x2  
  93  6:33  SCV  
  93  6:37  Marine, Siege Tank  
  93  6:38  Marine  
  98  6:41  Terran Infantry Weapons Level 1, Terran Infantry Armor Level 1  
  98  6:43  SCV  
  98  6:46  SCV  
  99  6:47  SCV  
  99  6:48  Supply Depot, Marine  
  101  6:58  Combat Shield, Supply Depot  
  101  7:05  Supply Depot  
  101  7:06  Supply Depot  
  101  7:09  Marine x5  
  101  7:10  SCV x3  
  101  7:14  Refinery  
  109  7:17  Supply Depot  
  109  7:19  Medivac  
  109  7:20  Medivac, Marine, Siege Tank  
  109  7:22  SCV  
  116  7:23  Supply Depot  
  116  7:24  Marine  
  116  7:26  SCV  
  116  7:27  SCV  
  116  7:29  Supply Depot, Marine  
  120  7:30  Marine  
  120  7:31  Marine  
  120  7:32  Marine  
  120  7:34  SCV  
  120  7:36  Marine  
  125  7:38  SCV, Marine  
  125  7:40  SCV  
  128  7:49  Marine  
  128  7:50  Marine  
  125  7:52  Marine, Siege Tank  
  125  7:54  Marine  
  125  7:55  SCV, Marine  
  127  7:58  Medivac x2, Marine  
  127  8:02  Marine  
  127  8:06  Marine  
  127  8:08  Marine  
  127  8:10  Marine  
  128  8:13  SCV, Marine  
  128  8:15  Armory  
  125  8:20  Marine  
  125  8:22  Barracks Reactor  
  125  8:23  SCV  
  125  8:24  Marine  
  125  8:25  Barracks Reactor, Siege Tank  
  125  8:26  Marine  
  130  8:28  Marine  
  130  8:31  Medivac x2, Marine  
  130  8:32  Command Center  
  136  8:38  Marine  
  137  8:42  Marine  
  137  8:44  Marine  
  137  8:46  Marine  
  137  8:47  Supply Depot  
  140  8:48  Missile Turret  
  140  8:49  Missile Turret, Refinery, Marine  
  141  8:55  Marine  
  141  8:57  Siege Tank  
  141  9:00  Marine x2  
  141  9:02  Marine  
  148  9:03  Terran Infantry Armor Level 2, Terran Infantry Weapons Level 2  
  148  9:04  Marine  
  148  9:06  Marine  
  148  9:07  SCV, Marine  
  148  9:08  Supply Depot  
  152  9:10  Marine  
  152  9:15  Marine  
  152  9:16  Medivac, Marine  
  155  9:18  Marine  
  155  9:20  Marine  
  155  9:21  Supply Depot, Marine x2  
  159  9:24  Medivac, Marine  
  159  9:27  Marine  
  159  9:28  Marine  
  159  9:30  Siege Tank  
  167  9:38  Terran Vehicle Weapons Level 1  
  167  9:39  Marine x2  
  167  9:41  Supply Depot  
  167  9:43  Supply Depot  
  167  9:44  Marine x2  
  171  9:48  Medivac  
  172  9:53  SCV  
  172  9:54  Medivac, Marine  
  172  9:55  Marine  
  172  9:56  Marine x2  
  180  10:00  SCV  
  180  10:02  Siege Tank  
  180  10:03  Factory  
  180  10:04  SCV  
  184  10:08  Marine  
  184  10:09  Marine x2  
  184  10:14  Marine x3  
  187  10:16  Marine  
  187  10:17  SCV x2, Planetary Fortress  
  193  10:22  SCV  
  193  10:23  Missile Turret  
  180  10:30  Marine  
  163  10:36  Siege Tank  
  163  10:37  Marine  
  163  10:38  SCV, Marine  
  163  10:39  Medivac, Marine  
  171  10:43  SCV  
  171  10:46  Marine  
  171  10:49  Marine  
  163  10:53  Marine  
  163  10:56  Marine  
  160  10:59  Command Center  
  160  11:03  Marine  
  161  11:04  Marine, Factory Tech Lab  
  161  11:05  Marine  
  161  11:08  SCV, Siege Tank  
  167  11:11  Marine x2  
  167  11:13  Medivac  
  167  11:14  Medivac  
  172  11:23  Siege Tank  
  172  11:24  Marine x2  
  172  11:25  Marine x2  
  178  11:26  Marine x2  
  178  11:28  Marine  
  178  11:29  Marine  
  178  11:30  Marine  
  165  11:40  Siege Tank  
  165  11:42  Marine  
  165  11:44  Marine x2  
  165  11:45  Medivac x2  
  159  11:49  Marine  
  159  11:51  Marine x3  
  159  11:52  Marine  
  159  11:53  Marine  
  165  12:00  Refinery, Marine  
  166  12:02  Marine x2, Siege Tank  
  166  12:07  Marine  
  172  12:08  Marine  
  172  12:09  Marine x2  
  172  12:10  Marine  
  172  12:11  Marine  
  172  12:15  Medivac  
  179  12:17  Marine, Siege Tank  
  179  12:19  Marine  
  179  12:20  Marine  
  179  12:21  Refinery  
  185  12:23  SCV  
  185  12:25  Marine  
  185  12:26  Marine x2  
  185  12:27  Marine  
  190  12:30  Marine  
  190  12:31  Marine  
  186  12:38  Marine  
  186  12:40  Marine  
  186  12:41  Medivac, Marine  
  186  12:43  Marine, Siege Tank  
  143  12:44  Marine x3  
  143  12:48  Marine  
  143  12:49  Marine, Siege Tank  
  139  12:56  Marine, Barracks  
  139  12:57  SCV, Marine  
  139  12:58  Barracks  
  142  12:59  Marine  
  142  13:00  Marine  
  142  13:02  Marine x3  
Show
View Real Time Build Order
Export as new Build Order

MarineLorD Terran - Winner!

Build Orders: Reaper Expand 

Get SALT Encoding   

  12  0:00  SCV  
  13  0:12  SCV  
  14  0:17  Supply Depot  
  14  0:24  SCV  
  15  0:38  SCV  
  15  0:40  Barracks  
  16  0:43  Refinery  
  16  0:50  SCV  
  17  1:02  SCV  
  18  1:14  SCV  
  19  1:26  Reaper  
  19  1:27  Orbital Command  
  20  1:41  Command Center  
  20  1:52  Supply Depot  
  20  1:53  SCV  
  21  1:58  Marine  
  22  2:05  SCV  
  23  2:09  Factory  
  23  2:16  Marine  
  23  2:17  SCV  
  23  2:21  Refinery  
  25  2:27  Bunker  
  25  2:29  SCV  
  26  2:34  Marine  
  27  2:41  SCV  
  28  2:53  SCV  
  28  2:54  Orbital Command  
  28  2:57  Barracks Reactor, Factory Tech Lab  
  28  2:59  Starport  
  28  3:05  SCV  
  29  3:10  Refinery  
  29  3:16  Cyclone  
  29  3:17  SCV  
  34  3:20  SCV  
  34  3:29  SCV  
  34  3:32  SCV  
  36  3:39  Starport Tech Lab  
  36  3:41  SCV  
  36  3:44  SCV  
  36  3:46  Command Center  
  38  3:51  Supply Depot  
  38  3:54  SCV  
  39  3:56  SCV  
  39  3:58  Raven  
  42  4:04  Siege Tank  
  42  4:07  Supply Depot  
  42  4:08  SCV  
  46  4:13  SCV  
  46  4:14  Marine x2  
  49  4:20  SCV  
  49  4:23  Supply Depot  
  50  4:25  SCV  
  51  4:32  SCV, Marine x2  
  51  4:36  Siege Tank  
  51  4:37  SCV  
  58  4:45  SCV  
  59  4:46  Raven  
  59  4:49  SCV, Supply Depot  
  59  4:51  Marine x2  
  64  4:57  SCV  
  65  5:01  SCV  
  65  5:02  Refinery  
  65  5:05  Orbital Command  
  66  5:08  Siege Tank  
  66  5:09  SCV  
  66  5:10  Marine  
  66  5:11  Marine  
  66  5:12  Supply Depot  
  66  5:14  SCV  
  73  5:21  SCV  
  74  5:25  Barracks  
  74  5:26  SCV, Barracks  
  75  5:30  Raven  
  75  5:32  Marine x2  
  75  5:33  SCV  
  80  5:37  Supply Depot, Orbital Command  
  80  5:38  SCV  
  80  5:40  Siege Tank  
  84  5:45  SCV  
  85  5:50  SCV  
  85  5:51  Marine x2  
  87  5:57  SCV  
  87  6:02  SCV x2  
  90  6:09  SCV  
  90  6:12  Engineering Bay  
  90  6:14  SCV x2, Engineering Bay, Siege Tank  
  90  6:16  Barracks Reactor x2  
  95  6:21  SCV, Marine  
  95  6:24  Viking  
  95  6:25  Viking  
  100  6:26  SCV x2  
  100  6:32  Refinery x2  
  102  6:33  SCV  
  102  6:35  Supply Depot x2  
  102  6:36  Supply Depot  
  102  6:38  SCV x2  
  105  6:43  Marine  
  105  6:46  SCV  
  107  6:50  SCV x2  
  108  6:56  Siege Tank  
  108  6:58  SCV  
  108  7:00  Marine x4  
  108  7:01  Marine  
  116  7:02  SCV  
  116  7:03  SCV  
  116  7:05  Viking x2  
  122  7:09  Supply Depot, Terran Infantry Weapons Level 1  
  122  7:10  SCV, Terran Infantry Armor Level 1  
  122  7:12  Supply Depot  
  122  7:14  Supply Depot  
  123  7:17  Marine  
  123  7:18  Marine x2  
  126  7:24  Marine x2, Sensor Tower  
  128  7:30  SCV x3  
  128  7:34  Command Center  
  128  7:35  Marine x2  
  128  7:36  Barracks  
  128  7:37  Marine  
  133  7:38  Barracks  
  133  7:39  Siege Tank  
  133  7:42  Marine x2  
  124  7:53  Marine  
  124  7:56  SCV  
  124  7:57  Marine  
  126  8:01  Barracks Tech Lab  
  126  8:05  SCV  
  124  8:06  Barracks Tech Lab  
  124  8:09  SCV x2  
  124  8:11  Marine  
  122  8:14  Marine  
  122  8:17  SCV  
  122  8:19  Armory  
  124  8:21  SCV  
  124  8:25  Medivac x2  
  124  8:26  Marine x2  
  132  8:27  Combat Shield, Stimpack  
  132  8:29  Barracks Reactor, Marine  
  132  8:32  Siege Tank  
  132  8:33  Barracks  
  132  8:34  SCV x2, Barracks  
  132  8:39  SCV  
  132  8:40  Marine  
  136  8:43  Marine  
  136  8:44  Marine  
  136  8:46  SCV x2, Missile Turret  
  138  8:51  SCV  
  138  8:55  Viking  
  141  8:57  Marine  
  141  8:58  Barracks Reactor, SCV, Marine  
  141  9:01  SCV, Marine  
  146  9:05  Siege Tank  
  149  9:17  Terran Vehicle Weapons Level 1  
  149  9:18  Supply Depot  
  149  9:19  Supply Depot  
  149  9:22  Supply Depot  
  149  9:23  Terran Infantry Weapons Level 2  
  149  9:26  SCV, Medivac x2, Terran Infantry Armor Level 2  
  149  9:31  SCV x3  
  157  9:33  Missile Turret  
  157  9:36  Marine x6  
  163  9:40  Marine x2  
  164  9:46  Siege Tank  
  165  9:53  Marine  
  165  9:54  Marine x4  
  165  9:58  Supply Depot x2, Marine x2  
  172  10:01  Marine  
  172  10:04  Viking x2  
  175  10:11  Marine x2  
  175  10:12  Marine  
  178  10:14  Marine x2  
  178  10:18  Siege Tank  
  176  10:29  Marine x5  
  176  10:30  Marine  
  176  10:32  Marine x2  
  181  10:37  Viking x2  
  181  10:40  SCV  
  181  10:41  SCV x2  
  184  10:46  Marine  
  184  10:47  Marine x2  
  176  10:50  Siege Tank  
  176  10:51  Marine x4  
  176  10:53  SCV x3  
  185  11:03  Sensor Tower  
  185  11:05  SCV, Planetary Fortress  
  185  11:07  SCV x2  
  188  11:11  Barracks x2  
  188  11:12  Barracks  
  188  11:16  Factory  
  188  11:17  Factory  
  188  11:20  Sensor Tower  
  188  11:22  Siege Tank  
  188  11:23  Refinery  
  191  11:26  Marine x4  
  191  11:27  Refinery, Marine x4  
  178  11:44  Marine x6  
  178  11:45  Marine x2  
  178  11:46  Liberator x2  
  175  11:54  Siege Tank  
  175  11:57  Command Center, Missile Turret  
  178  12:02  Marine x7, Factory Tech Lab  
  178  12:03  Factory Tech Lab  
  178  12:05  Marine  
  178  12:07  Barracks Reactor  
  186  12:14  Marine x2  
  188  12:20  Marine x6  
  194  12:25  Siege Tank x2  
  187  12:39  Marine x5  
  187  12:40  Marine x2  
  187  12:42  Marine x2  
  187  12:43  Marine x2  
  159  12:47  Marine, Siege Tank  
  159  12:50  SCV x4  
  163  12:52  Sensor Tower  
  163  12:54  Barracks Reactor  
  163  12:57  Marine x2  
  164  13:02  SCV x2  

Tags
 
Add a new tag
Caveats
  • Supply blocks, unpowered buildings, or Contaminate may cause inaccurate times.
  • Supply counts are checked every 10 seconds.